 Dungeon Crawl Stone Soup version 0.31-a0-185-g9dded2c639 (webtiles) character file.

Game seed: 12268119837924682089

7 qw the Shooter (level 1, 0/12 HPs)
             Began as a Deep Elf Hunter on June 22, 2023.
             Succumbed to an adder's poison
             ... on level 2 of the Dungeon.
             The game lasted 00:00:07 (366 turns).

qw the Shooter (Deep Elf Hunter)                     Turns: 366, Time: 00:00:08

Health: 0/12       AC:  3    Str:  8    XL:     1   Next: 91%
Magic:  3/3        EV: 12    Int: 13    God:
Gold:   62         SH:  0    Dex: 18    Spells: 0/0 levels left

rFire   . . .        Y - +1 shortbow
rCold   . . .        (shield currently unavailable)
rNeg    . . .        c - +0 leather armour
rPois   .            (no helmet)
rElec   .            (no cloak)
rCorr   .            (no gloves)
SInv    .            (no boots)
Will    .....        (no amulet)
Stlth   ++           (no ring)
HPRegen 0.22/turn    (no ring)
MPRegen 0.08/turn

%: no passive effects
@: lethally poisoned (0 -> -3), about to teleport
A: no striking features
a: no special abilities


You were on level 2 of the Dungeon.
You visited 1 branch of the dungeon, and saw 2 of its levels.

You collected 62 gold pieces.


   Skills:
 - Level 1.5 Fighting
 + Level 5.9 Ranged Weapons
 - Level 2.4 Dodging
 - Level 1.2 Stealth


You couldn't memorise any spells.
You didn't know any spells.
Your spell library was empty.

Inventory:

Hand Weapons
 Y - a +1 shortbow (weapon)
Armour
 c - a +0 leather armour (worn)
Potions
 f - a potion of might {unknown}
 i - a potion of attraction {unknown}

Dungeon Overview and Level Annotations

Branches:
Dungeon (2/15)

Altars:


Message History

Found a sedimented brown potion, a white potion and 9 gold pieces.
There is a stone staircase leading up here.
There are monsters nearby!
Waypoint 1 assigned to D:2.
You shoot an arrow. The arrow hits the endoplasm!
You kill the endoplasm!
The adder hisses angrily.
The ball python hisses angrily.
You shoot an arrow. The arrow hits the adder.
The adder is moderately wounded.
You shoot an arrow. The arrow hits the adder.
The adder is severely wounded.
An endoplasm comes into view.
You shoot an arrow. The arrow completely misses the adder.
The endoplasm quivers.
The adder completely misses you. The ball python barely misses you.
The ball python grabs you. The ball python constricts you.
The adder misses you.
You shoot an arrow.
The arrow closely misses the ball python.
The ball python completely misses you. The ball python constricts you.
The adder bites you. The ball python bites you. The ball python constricts you.
The adder barely misses you.
You shoot an arrow. The arrow hits the ball python.
The ball python is moderately wounded.
The ball python closely misses you. The ball python constricts you.
The adder closely misses you.
You shoot an arrow.
The arrow closely misses the ball python.
The adder bites you.
You are lethally poisoned!
The adder poisons you!
The ball python bites you but does no damage.
The ball python constricts you. The adder barely misses you.
The ball python closely misses you. The ball python constricts you.
365 ||| READING scroll of teleportation.
As you read the scroll of teleportation, it crumbles to dust.
You feel strangely unstable.
You feel sick. The adder barely misses you. The ball python barely misses you.
The ball python constricts you.
You shoot an arrow. The arrow hits the ball python.
You kill the ball python!
You die...

.. .. .. .# #.
## .# ##..##.
.#
#......#.####..
#..S@.......
#......J.!...##
#.#####....#.!.
#....# # #....#
.....# $.....
..##...


You could see an adder and an endoplasm.

Vanquished Creatures
  3 endoplasms
  4 ball pythons
  A bat (D:1)
  A frilled lizard (D:1)
9 creatures vanquished.

Notes
Turn   | Place    | Note
-------+----------+-------------------------------------------
     0 | D:1      | qw the Deep Elf Hunter began the quest for the Orb.
     0 | D:1      | Reached XP level 1. HP: 12/12 MP: 3/3
     0 | D:1      | 0 ||| qw: Version: 0.3-a-9-g12657ce
     0 | D:1      | 0 ||| qw: Game counter: 1863
     0 | D:1      | 0 ||| qw: Always use a shield: true
     0 | D:1      | 0 ||| qw: God list: Okawaru
     0 | D:1      | 0 ||| qw: Allow faded altars: false
     0 | D:1      | 0 ||| qw: Do Orc after D:15 true
     0 | D:1      | 0 ||| qw: Do second Lair branch before Depths: true
     0 | D:1      | 0 ||| qw: Lair rune preference: random
     0 | D:1      | 0 ||| qw: Plans: Normal
     0 | D:1      | 0 ||| PLANNING D:1-11
   339 | D:1      | 339 ||| READING scroll labelled KIQAYCWOGHE.
   340 | D:1      | 340 ||| READING 2 scrolls labelled CUKIOKIXAMNA.
   343 | D:1      | 343 ||| READING scroll labelled DORAGR IFUSS.
   344 | D:1      | 344 ||| READING scroll labelled JOENIT XAEREIT.
   345 | D:1      | 345 ||| DROPPING scroll of butterflies.
   364 | D:2      | HP: 2/12 [adder (3)]
   365 | D:2      | 365 ||| READING scroll of teleportation.
   366 | D:2      | Succumbed to an adder's poison

Levels and vault maps discovered:
D:1:      minmay_arrival_arboretum_small, layout_rooms, minmay_statues_item,
          minmay_ruptured
D:2:      layout_rooms, corexii_shack

Action                     || total
---------------------------++-------
   Fire: Shortbow          ||    16
    Use: Scroll            ||     5
 Armour: Leather armour    ||     1
  Dodge: Dodged            ||    11

Table legend:
 A = Non-vault XP
 B = Vault XP
 C = Vault XP percentage of total XP
 D = Non-vault monster count
 E = Vault monster count
 F = Vault count percentage of total count
                 A         B        C        D         E       F
            +---------+---------+-------+---------+---------+-------
      Total |      10 |       2 |  16.7 |       7 |       2 |  22.2
            +---------+---------+-------+---------+---------+-------
        D:1 |       7 |       2 |  22.2 |       5 |       2 |  28.6
        D:2 |       3 |       0 |   0.0 |       2 |       0 |   0.0
            +---------+---------+-------+---------+---------+-------
